 Dungeon Crawl Stone Soup version 0.21-a0-19-g210df22 (webtiles) character file.

2898 tof the Spear-Bearer (level 9, -7/74 HPs)
             Began as a Merfolk Monk on May 24, 2017.
             Was an Elder of Wu Jian.
             Mangled by a two-headed ogre
             ... wielding a +0 giant club
              (27 damage)
             ... on level 7 of the Dungeon.
             The game lasted 00:31:42 (10066 turns).

tof the Spear-Bearer (Merfolk Monk)                Turns: 10066, Time: 00:31:43

Health: -7/74      AC: 16    Str: 13    XL:     9   Next: 77%
Magic:  9/9        EV:  6    Int:  8    God:    Wu Jian [****..]
Gold:   486        SH:  0    Dex: 19    Spells: 8/8 levels left

rFire    + + .     SeeInvis .   a - +4 trident
rCold    . . .     Gourm    .   (no shield)
rNeg     . . .     Faith    .   h - +3 plate armour {MR+}
rPois    .         Spirit   .   t - +2 hat
rElec    .         Reflect  .   (no cloak)
rCorr    .         Harm     .   k - +0 pair of gloves
MR       +....                  (no boots)
Stlth    ..........             (no amulet)
Regen    0.3/turn               n - +2 ring of strength
MPRegen  0.2/turn               H - ring of protection from fire

@: no status effects
A: change form in water, swift swim, stealthy swim, dopey 1, fire resistance 1
a: Serpent's Lash, Renounce Religion


You were on level 7 of the Dungeon.
You worshipped Wu Jian.
Wu Jian was greatly pleased with you.
You were not hungry.

You visited 2 branches of the dungeon, and saw 10 of its levels.
You also visited: Ossuary.

You collected 486 gold pieces.

Inventory:

Hand Weapons
 a - a +4 trident (weapon)
 l - a +2 spear
 M - a +0 spear
Armour
 b - a +0 robe
 h - a +3 plate armour of magic resistance (worn)
 k - a +0 pair of gloves (worn)
 q - a +0 helmet
 t - a +2 hat (worn)
Jewellery
 n - a +2 ring of strength (left hand)
 H - a ring of protection from fire (right hand)
Wands
 G - a wand of random effects (27/48)
Scrolls
 d - 2 scrolls of teleportation
 e - a scroll of amnesia
 f - a scroll of blinking {unknown}
 g - 11 scrolls of identify
 j - 5 scrolls of remove curse
 s - a scroll of enchant armour
 w - a scroll of enchant weapon {unknown}
 y - a scroll of silence {unknown}
 B - 2 scrolls of recharging {unknown}
 C - a scroll of magic mapping {unknown}
 N - a scroll of fear {unknown}
Potions
 m - 2 potions of agility
 o - a potion of magic {unknown}
 p - 2 potions of might {unknown}
 r - a potion of mutation {unknown}
 u - 2 potions of degeneration {unknown}
 v - 3 potions of cancellation {unknown}
 x - a potion of haste {unknown}
 z - a potion of heal wounds {unknown}
 A - a potion of ambrosia {unknown}
 D - 2 potions of flight {unknown}
 E - a potion of resistance {unknown}
 J - a potion of brilliance {unknown}
 L - a potion of lignification {unknown}
Books
 I - a book of Misfortune

   Spells                             Type                      Level
   a - Confusing Touch                Hexes                        1
   b - Confuse                        Hexes                        3
   c - Gell's Gravitas                Translocation                3
   d - Petrify                        Transmutation/Earth          4
   e - Metabolic Englaciation         Hexes/Ice                    5
   f - Yara's Violent Unravelling     Hexes/Transmutation          5
Comestibles
 c - 5 bread rations
 i - 6 fruits
 F - a meat ration


   Skills:
 + Level 7.9 Fighting
 * Level 13.5 Polearms
 + Level 9.3 Dodging
 - Level 2.4 Stealth


You had 8 spell levels left.
You didn't know any spells.

Dungeon Overview and Level Annotations

Branches:
Dungeon (9/15)             Temple (1/1) D:4
   Lair: D:8-11         Orc: D:9-12

Altars:
Ashenzari
Cheibriados
Dithmenos
Elyvilon
Fedhas
Gozag
Hepliaklqana
Kikubaaqudgha
Nemelex Xobeh
Okawaru
Qazlal
Ru
Sif Muna
Trog
Uskayaw
Vehumet
Wu Jian
Xom
Zin
The Shining One


Innate Abilities, Weirdness & Mutations

You revert to your normal form in water.
You are very nimble and swift while swimming.
You are very stealthy in the water. (Stealth+)
You are dopey. (Int -2)
Your flesh is heat resistant. (rF+)


Message History

You attack the two-headed ogre from above.
You hit the two-headed ogre.
The two-headed ogre is lightly wounded.
The two-headed ogre hits you with a giant club!
The two-headed ogre hits you with a giant spiked club.
You lunge at the two-headed ogre in a flurry of attacks.
You hit the two-headed ogre.
The two-headed ogre is moderately wounded.
You puncture the two-headed ogre!
The two-headed ogre is heavily wounded.
The two-headed ogre hits you with a giant club!
* * * LOW HITPOINT WARNING * * *
The two-headed ogre hits you with a giant spiked club!
* * * LOW HITPOINT WARNING * * *
There is a stone staircase leading down here.
You attack the two-headed ogre from above.
You puncture the two-headed ogre!
The two-headed ogre is heavily wounded.
The two-headed ogre hits you with a giant club!!
You die...

####...≈≈≈≈≈...#### #.##.
#.....≈≈...≈≈.....### #.##.
#._...≈≈.>.≈≈.......# #.##.
#.....≈≈.).≈≈.....#.# #.##.
####...≈≈≈≈≈...####.#########.##.
####....≈≈≈....#).........)......
...##.........###############.###
.##.##.......##§#############.#..
.##.####...###.O@§...............
....# #######.#################..
.#### #.# #.# #......... .# #.#
#.# #.######.. .# #.# #.# #.# #..
.# #.# #.# #.# #.. .#
#.#####.###### #.# #.. .#
#....##......## #.# ##.. .#
#..#^......)..# #.# #..<


You could see a two-headed ogre.

Vanquished Creatures
  The ghost of Egregious the Slicer, a novice KoHu (D:4)
  Duvessa (D:5)
  A water moccasin (D:5)
  A sky beast (D:6)
  A black bear (D:7)
  An ice beast (D:5)
  A phantom (D:5)
  2 ogres (D:6)
  A big kobold (D:7)
  Blork the orc (D:7)
  4 bullfrogs
  Dowan (D:5)
  2 scorpions
  A water moccasin skeleton (D:6)
  3 wights (D:5)
  3 howler monkeys
  3 crimson imps
  A quasit (D:6)
  An orc priest (D:4)
  3 hounds
  3 jellies
  2 orc wizards
  5 worker ants
  12 mummies (Ossuary)
  2 worker ant zombies
  Robin (D:2)
  10 adders
  3 gnolls (D:6)
  5 river rats (D:4)
  2 oozes
  An adder zombie (D:6)
  2 adder skeletons
  2 dart slugs
  4 leopard geckos
  13 orcs
  3 giant cockroaches
  21 goblins
  14 hobgoblins
  10 jackals
  5 quokkas
  5 bats
  3 frilled lizards
  3 gnoll skeletons (Ossuary)
  2 goblin skeletons (Ossuary)
  9 kobolds
  2 kobold skeletons (Ossuary)
  An orc skeleton (Ossuary)
  3 quokka skeletons
  21 rats
  11 rat skeletons (Ossuary)
213 creatures vanquished.

Vanquished Creatures (others)
  A plant (D:2)
1 creature vanquished.

Grand Total: 214 creatures vanquished

Notes
Turn   | Place    | Note
-------+----------+-------------------------------------------
     0 | D:1      | tof the Merfolk Monk began the quest for the Orb.
     0 | D:1      | Reached XP level 1. HP: 18/18 MP: 1/1
   315 | D:1      | Reached XP level 2. HP: 8/24 MP: 2/2
   603 | D:1      | Reached skill level 5 in Polearms
   781 | D:1      | Reached XP level 3. HP: 23/29 MP: 3/3
  1227 | D:2      | Noticed Robin
  1584 | D:2      | Reached XP level 4. HP: 37/37 MP: 4/4
  1767 | D:2      | Reached skill level 6 in Polearms
  1786 | D:2      | Killed Robin
  2223 | D:3      | Reached XP level 5. HP: 42/42 MP: 5/5
  2408 | D:3      | Found a bloodstained altar of Trog.
  2427 | D:3      | Reached skill level 5 in Dodging
  2460 | D:3      | Found a shadowy altar of Dithmenos.
  2746 | D:4      | Reached skill level 7 in Polearms
  2822 | D:4      | Noticed Egregious's ghost (novice KoHu)
  2988 | D:4      | Found a staircase to the Ecumenical Temple.
  3006 | Temple   | Entered the Ecumenical Temple
  3077 | Temple   | Became a worshipper of the Wu Jian Council
  3077 | Temple   | Reached * piety under Wu Jian
  3077 | Temple   | Reached ** piety under Wu Jian
  3253 | D:4      | Found a sand-covered staircase.
  3262 | Ossuary  | Entered an ossuary
  3293 | Ossuary  | Reached XP level 6. HP: 38/49 MP: 6/6
  4347 | Ossuary  | Reached skill level 8 in Polearms
  4626 | D:4      | Killed Egregious's ghost
  4626 | D:4      | Reached skill level 5 in Fighting
  4626 | D:4      | Reached skill level 9 in Polearms
  4626 | D:4      | Reached XP level 7. HP: 37/56 MP: 7/7
  4847 | D:4      | Reached *** piety under Wu Jian
  5274 | D:5      | Entered Level 5 of the Dungeon
  5508 | D:5      | Reached skill level 10 in Polearms
  5508 | D:5      | Reached XP level 8. HP: 23/64 MP: 8/8
  6031 | D:5      | Found an iron altar of Okawaru.
  6382 | D:5      | Noticed Duvessa
  6451 | D:5      | Killed Duvessa
  6453 | D:5      | Noticed Dowan
  6513 | D:5      | Killed Dowan
  6513 | D:5      | Reached skill level 11 in Polearms
  7220 | D:5      | Reached **** piety under Wu Jian
  7338 | D:5      | Found a sacrificial altar of Ru.
  7339 | D:5      | Found an ancient bone altar of Kikubaaqudgha.
  7339 | D:5      | Found a white marble altar of Elyvilon.
  7339 | D:5      | Found a sparkling altar of Nemelex Xobeh.
  7414 | D:5      | Found a blossoming altar of Fedhas.
  7470 | D:6      | Reached skill level 12 in Polearms
  7470 | D:6      | Reached XP level 9. HP: 35/71 MP: 9/9
  7704 | D:6      | Found a hide-covered altar of Uskayaw.
  7787 | D:6      | Gained mutation: You are dopey. (Int -2) [mutagenic meat]
  7788 | D:6      | Gained mutation: Your flesh is heat resistant. (rF+) [mutagenic meat]
  7948 | D:6      | Found a stormy altar of Qazlal.
  8550 | D:7      | You fall through a shaft for 2 floors!
  8975 | D:7      | Reached skill level 13 in Polearms
  9264 | D:7      | Noticed Blork the orc
  9276 | D:7      | Found a deep blue altar of Sif Muna.
  9290 | D:7      | Killed Blork the orc
  9567 | D:8      | Noticed a two-headed ogre
 10066 | D:7      | Mangled by a two-headed ogre

Vault maps used:
D:1:      dpeg_arrival_rooms_c, serial_park_tiny_1
D:2:      serial_bayou, serial_bayou_lagoon_a, serial_bayou_pond_e,
          serial_bayou_crossing, serial_bayou_ford_a, minmay_bisected,
          uniq_robin
D:3:      lemuel_doored_altar, bloody_trog, first_bread
D:4:      minmay_temple_entry_glass, nicolae_ossuary_entry_monument,
          dk_rats_in_the_wall
D:5:      lemuel_coloured_pillars_altar, nicolae_overflow_crystal_walls,
          grunt_temple_overflow_open, minmay_misc_feat_chi,
          kennysheep_generic_room_7, uniq_duvessa
D:6:      overflow_temple_1_default, eat_drink_and_be_merry_uskayaw
D:7:      tgw_sif, kennysheep_generic_room_10
D:8:      makhleb_altar_promises_db, uniq_psyche, uniq_gastronok
D:9:      old_standard_altar, erik_lair_island, the_bakery, tgw_kikubaaqudgha,
          uniq_erica
Temple:   compressed_dpeg_triangle_lava_temple
Ossuary:  ossuary_due_small_catacomb

Skill      XL: |  1  2  3  4  5  6  7  8  9 |
---------------+----------------------------+-----
Polearms       | 5 6 7 9 10 12 13 | 13.5
Fighting       | 4 5 6 7 |  7.9
Dodging        | 5 6 8 9 |  9.3
Stealth        | |  2.4

Action                   |  1- 3 |  4- 6 |  7- 9 || total
-------------------------+-------+-------+-------++-------
Melee: Spear             |   164 |   568 |   862 ||  1594
       Tailslap          |       |     1 |     6 ||     7
       Trident           |       |       |    41 ||    41
  Use: Scroll            |       |     4 |     1 ||     5
       Potion            |       |       |     2 ||     2
 Stab: Sleeping          |     2 |       |       ||     2
       Invisible         |       |       |     1 ||     1
  Eat: Chunk             |     2 |     5 |    14 ||    21
       Bread ration      |       |     1 |     1 ||     2
       Royal jelly       |       |     1 |       ||     1
       Fruit             |       |       |     1 ||     1
Armor: Robe              |     7 |       |       ||     7
       Plate armour      |    69 |   216 |   368 ||   653
Dodge: Dodged            |    37 |    53 |   135 ||   225
